 Dungeon Crawl Stone Soup version 0.31-a0-948-gf5be29c462 (webtiles) character file.

Game seed: 17229962921459913816

2699 Bnni the Cleaver (level 9, -2/85 HPs)
             Began as a Hill Orc Monk on Oct 21, 2023.
             Was a Believer of Beogh.
             Engulfed by a cloud of poison gas (7 damage)
             ... on level 8 of the Dungeon.
             The game lasted 00:08:33 (7324 turns).

Bnni the Cleaver (Hill Orc Monk)                    Turns: 7324, Time: 00:08:33

Health: -2/85      AC:  6    Str: 18    XL:     9   Next: 65%
Magic:  10/10      EV:  8    Int: 10    God:    Beogh [**....]
Gold:   408        SH:  0    Dex: 13    Spells: 8/8 levels left

rFire   . . .        n - +2 war axe (flame)
rCold   + . .        d - orb {light}
rNeg    . . .        A - +3 chain mail
rPois   .            (no helmet)
rElec   .            k - +0 cloak
rCorr   .            C - +1 pair of gloves
SInv    .            (no boots)
Will    .....        (no amulet) Stlth
                     y - +4 ring of protection
HPRegen 0.34/turn    I - ring of protection from cold
MPRegen 0.12/turn

%: no passive effects
@: lethally poisoned (-2 -> -23), corroded, glowing
A: no striking features
a: Renounce Religion, Smiting


You were on level 8 of the Dungeon.
You worshipped Beogh.
Beogh was pleased with you.
You visited 1 branch of the dungeon, and saw 8 of its levels.

You collected 408 gold pieces.

Inventory:

Hand Weapons
 n - a +2 war axe of flaming (weapon)
 s - a +0 battleaxe
 J - a +4 war axe
Armour
 d - an orb of light (worn)
 k - a +0 cloak (worn)
 v - a +0 buckler
 A - a +3 chain mail (worn)
 C - a +1 pair of gloves (worn)
Jewellery
 a - a ring of fire
 g - a ring of fire
 y - a +4 ring of protection (left hand)
 I - a ring of protection from cold (right hand)
Wands
 q - a wand of light (15)
 w - a wand of digging (4)
 E - a wand of flame (24)
Scrolls
 b - 3 scrolls of enchant armour
 e - 2 scrolls of enchant weapon
 f - 2 scrolls of poison
 j - a scroll of immolation {unknown}
 m - a scroll of blinking
 p - 5 scrolls of teleportation {unknown}
 u - 5 scrolls of fog {unknown}
 B - a scroll of vulnerability {unknown}
 F - a scroll of silence {unknown}
Potions
 c - 4 potions of ambrosia
 h - 2 potions of mutation
 i - a potion of curing
 l - a potion of invisibility {unknown}
 o - 3 potions of attraction
 r - 2 potions of enlightenment
 x - a potion of berserk rage {unknown}
 z - a potion of haste {unknown}
 D - 3 potions of brilliance
 G - a potion of might {unknown}
 H - 2 potions of heal wounds {unknown}


   Skills:
 + Level 9.6 Fighting
 * Level 13.9 Axes
 - Level 2.4 Dodging
 + Level 1.6 Invocations


You had 8 spell levels left.
You didn't know any spells.
Your spell library contained the following spells:

 Spells                   Type           Power      Damage    Failure   Level
 Apportation              Tloc           0%         N/A       99%         1
 Blink                    Tloc           0%         N/A       99%         2
 Jinxbite                 Hex            0%         N/A       99%         2
 Lesser Beckoning         Tloc           0%         N/A       99%         2
 Momentum Strike          Conj/Tloc      0%         3d8       99%         2
 Alistair's Intoxication  Tmut/Pois      0%         N/A       100%        5


Dungeon Overview and Level Annotations

Branches:
Dungeon (8/15)             Temple (0/1) D:6
   Lair: D:8-11

Altars:
Elyvilon
Fedhas
The Shining One


Message History

The yak bellows!
You hear a bellow!
You hear a shout!
A yak comes into view.
A yak and a centaur come into view.
Found 12 gold pieces.
The yak bellows! x2
The centaur wields a +0 shortbow.
The centaur shoots an arrow.
The arrow barely misses you.
A yak comes into view.
The jelly barely misses you. The yak gores you!
You hit the yak. You burn the yak.
The yak is lightly wounded.
You hit the jelly. You burn the jelly. The acid corrodes you!
Your hands burn!
The jelly hits you. The acid corrodes you!
You are splashed with acid.
The yak gores you!
You hit the jelly but do no damage. The acid corrodes you!
Your hands burn!
The jelly is moderately wounded.
You hit the yak but do no damage. x2; The jelly barely misses you.
The yak gores you. The yak gores you!
You are too injured to fight recklessly!
Okay, then.
As you read the scroll labelled SIGHUONAUN, it crumbles to dust.
It is a scroll of enchant armour.
Your +0 pair of gloves glows green for a moment.
The yak gores you.
Unknown command.
As you read the scroll labelled YKLAVV UJUQULA, it crumbles to dust.
It is a scroll of enchant weapon.
Your +1 war axe of flaming glows red for a moment.
The yak gores you!
* * * LOW HITPOINT WARNING * * *
The air fills with toxic fumes!
As you read the scroll labelled OSHREO UM YCS, it crumbles to dust.
It was a scroll of poison.
The yak gores you!
* * * LOW HITPOINT WARNING * * *
Blink to where?
Press: ? - help, Dir - move target
As you read the scroll labelled TOLAMN CUOPOR, it crumbles to dust.
It was a scroll of blinking.
You are engulfed in poison gas.
You are lethally poisoned!
You die...

##...#########.# #
#.....# #.#
##...## #.# ##.##
#.# #.# #.# #.#
#.# #+# #.# .§.
#######.# .§§§
#......@#
.§§§§#Y####§§#
.§§§§.Y##§§§§####
.§§§§YJY§§§§§§§§..
.§§§§.?##§§§§#####
.§§§§#. .Y§§#§§§#
.§§§ ####§§§§§#§#
.§. #####§§§# #+
#§#


You could see 3 yaks.

Vanquished Creatures
  The ghost of dertzug the Trooper, an amateur OgCK of Xom (D:5)
  A wyvern (D:8)
  2 ice beasts
  A black bear (D:5)
  An orc warrior (D:6)
  A phantom (D:4)
  2 bullfrogs
  3 scorpions
  11 wights
  6 killer bees (D:7)
  4 hounds
  Crazy Yiuf (D:5)
  3 jellies
  2 orc priests
  2 sleepcaps (D:5)
  3 iguanas
  4 orc wizards
  3 bullfrog simulacra (D:5)
  A scorpion simulacrum (D:5)
  9 adders
  A hound simulacrum (D:5)
  3 white imps
  2 ufetubi (D:5)
  4 worms
  A dart slug (D:3)
  An adder simulacrum (D:5)
  13 orcs
  7 endoplasms
  3 giant cockroaches
  3 goblins
  5 hobgoblins
  4 jackals (D:2)
  3 quokkas
  10 ball pythons
  10 bats
  5 frilled lizards
  5 kobolds
  4 rats
145 creatures vanquished.

Vanquished Creatures (others)
  An orc (D:6)
1 creature vanquished.

Grand Total: 146 creatures vanquished

Notes
Turn   | Place    | Note
-------+----------+-------------------------------------------
     0 | D:1      | Bnni the Hill Orc Monk began the quest for the Orb.
     0 | D:1      | Reached XP level 1. HP: 19/19 MP: 1/1
   465 | D:1      | Reached XP level 2. HP: 26/27 MP: 2/2
   739 | D:1      | Found a faded altar of an unknown god.
  1124 | D:2      | Reached skill level 5 in Axes
  1162 | D:2      | Reached XP level 3. HP: 31/33 MP: 3/3
  1392 | D:2      | Reached XP level 4. HP: 41/41 MP: 4/4
  1425 | D:2      | You fall into a shaft and drop 2 floors!
  1449 | D:4      | Noticed a scorpion
  1458 | D:4      | Killed a scorpion
  1459 | D:4      | Reached skill level 6 in Axes
  1459 | D:4      | Reached XP level 5. HP: 33/47 MP: 5/5
  1559 | D:4      | Reached skill level 5 in Fighting
  1559 | D:4      | Reached skill level 7 in Axes
  1571 | D:4      | Reached XP level 6. HP: 18/56 MP: 6/6
  1841 | D:4      | Reached skill level 8 in Axes
  2194 | D:4      | Reached XP level 7. HP: 30/63 MP: 7/7
  2835 | D:3      | Found a glowing golden altar of the Shining One.
  2878 | D:3      | Reached skill level 9 in Axes
  4007 | D:5      | Entered Level 5 of the Dungeon
  4191 | D:5      | Found a runed translucent gate.
  4192 | D:5      | Found a runed translucent gate.
  4194 | D:5      | Found a runed translucent gate.
  4203 | D:5      | Reached skill level 10 in Axes
  4378 | D:5      | Reached XP level 8. HP: 69/73 MP: 8/8
  4466 | D:5      | Noticed dertzug's ghost (amateur OgCK)
  4876 | D:5      | Found a runed translucent door.
  4877 | D:5      | Noticed Crazy Yiuf
  4884 | D:5      | Killed Crazy Yiuf
  5088 | D:5      | Killed dertzug's ghost
  5089 | D:5      | Reached skill level 11 in Axes
  5297 | D:6      | Became a worshipper of Beogh the Brigand
  5297 | D:6      | Reached * piety under Beogh
  5297 | D:6      | Reached ** piety under Beogh
  5464 | D:6      | Reached skill level 12 in Axes
  5578 | D:6      | Found a staircase to the Ecumenical Temple.
  5622 | D:6      | Reached XP level 9. HP: 61/82 MP: 9/9
  5962 | D:6      | Found a blossoming altar of Fedhas.
  5962 | D:6      | Found a white marble altar of Elyvilon.
  6092 | D:7      | Reached skill level 13 in Axes
  7114 | D:8      | Reached skill level 1 in Invocations
  7324 | D:8      | Engulfed by a cloud of poison gas

Illustrated notes

Levels and vault maps discovered:
D:1:      minmay_arrival_shoal_huts, layout_loops_corners,
          dreamdust_ecumenical_altar_hidden_monk_grotto, chequers_mini_garden,
          minmay_shallow_snake_nest
D:2:      layout_loops_ring, hex_large
D:3:      layout_basic, tso_metal_star
D:4:      minmay_inner_zag, layout_basic
D:5:      layout_basic, gammafunk_ghost_icy, uniq_crazy_yiuf_cottage
D:6:      layout_basic, gammafunk_temple_overflow_statue, temple_statues
D:7:      layout_cave_pools
D:8:      layout_loops_corners, small_statue_intersection,
          small_statue_intersection

Skill      XL: |  1  2  3  4  5  6  7  8  9 |
---------------+----------------------------+-----
Fighting       | 4 5 6 7 8 9 |  9.6
Axes           | 5 6 7 8 10 12 13 | 13.9
Invocations    | 1 |  1.6
Dodging        | |  2.4

Action                     |  1- 3 |  4- 6 |  7- 9 || total
---------------------------+-------+-------+-------++-------
  Melee: Hand axe          |    81 |       |       ||    81
         War axe           |    14 |    63 |   252 ||   329
 Invoke: Convert to Beogh  |       |       |     1 ||     1
    Use: Scroll            |       |       |     9 ||     9
         Potion            |       |       |     3 ||     3
 Armour: Robe              |    65 |    45 |    11 ||   121
         Chain mail        |       |       |   225 ||   225
         Ring mail         |       |       |    10 ||    10
  Dodge: Dodged            |    76 |    32 |   100 ||   208

Table legend: (Time is in decaauts)
 A = Elapsed time spent in this place.
 B = Non-inter-level travel time spent in this place.
 C = Inter-level travel time spent in this place.
 D = Time resting spent in this place.
 E = Time spent auto-exploring this place.
 F = Levels seen in this place.
 G = Mean time per level.
                   A        B        C        D        E       F      G
               +--------+--------+--------+--------+--------+-----+--------+
         Total |   7331 |   7058 |    273 |    753 |   5336 |   8 |  916.4 |
       Dungeon |   7331 |   7058 |    273 |    753 |   5336 |   8 |  916.4 |
               +--------+--------+--------+--------+--------+-----+--------+

Top non-repeatable levels by time:
     D:4: 1485 daAuts
     D:5: 1234 daAuts
     D:1: 987 daAuts
     D:6: 796 daAuts
     D:3: 788 daAuts
     D:2: 770 daAuts
     D:8: 665 daAuts
     D:7: 603 daAuts
